[Event "Team 45 45 League T46"]
[Site "Internet Chess Club"]
[Date "2010.08.12"]
[Round "2"]
[White "TheronUAL"]
[Black "UsuallySleepy"]
[Result "0-1"]
[WhiteElo "1474"]
[BlackElo "1784"]
[Opening "Petrov three knights game"]
[ECO "C26"]
[Time "09:10:20"]
[TimeControl "2700+45"]

1. e4 e5 2. Nc3 Nf6 3. Nf3 Bb4 4. Bc4 Nc6 5. d3 d5 6. exd5 Nxd5 7. Bxd5 Qxd5 8.
O-O Bxc3 9. bxc3 O-O 10. h3 b6 11. Bb2 Bb7 12. c4 Qd6 13. a4 Rfe8 14. Ng5 Qg6
15. h4 Rad8 16. Ne4 f5 17. h5 Qf7 18. Ng5 Qf6 19. Bc1 h6 20. Nh3 e4 21. Rb1 exd3
22. cxd3 Ne5 23. Nf4 Ng4 24. Qb3 Qh4 25. Nh3 Ne5 26. Re1 Nf3+ 27. gxf3 Rxe1+ 28.
Kg2 Bxf3+ 29. Kxf3 Qg4# {White checkmated} 0-1

[Event "Team 45 45 League T46"]
[Site "Internet Chess Club"]
[Date "2010.08.14"]
[Round "2"]
[White "Berke"]
[Black "lw"]
[Result "1-0"]
[WhiteElo "1500"]
[BlackElo "1554"]
[Opening "Sicilian: Smith-Morra gambit"]
[ECO "B21"]
[Time "14:04:53"]
[TimeControl "2700+45"]

1. e4 c5 2. d4 cxd4 3. c3 dxc3 4. Nxc3 Nc6 5. Nf3 e5 6. Bc4 Nf6 7. Ng5 d5 8.
exd5 Na5 9. Bb5+ Bd7 10. Qe2 Bd6 11. Bd3 h6 12. Nge4 Nxe4 13. Nxe4 Be7 14. d6
Bf8 15. O-O f5 16. Qh5+ g6 17. Qxg6# {Black checkmated} 1-0

[Event "Team 45 45 League T46"]
[Site "Internet Chess Club"]
[Date "2010.08.15"]
[Round "2"]
[White "Whalen"]
[Black "dscvdchk"]
[Result "1/2-1/2"]
[WhiteElo "1534"]
[BlackElo "1484"]
[Opening "Grünfeld: exchange variation"]
[ECO "D85"]
[Time "06:02:44"]
[TimeControl "2700+45"]

1. d4 Nf6 2. c4 g6 3. Nc3 d5 4. cxd5 Nxd5 5. Bd2 Bg7 6. e3 O-O 7. Bc4 Be6 8. Qb3
Nxc3 9. Bxc3 Bxc4 10. Qxc4 Nd7 11. Ne2 Nb6 12. Qb3 Qd5 13. Nf4 Qxb3 14. axb3 a6
15. Ke2 Rfe8 16. Ra5 Rad8 17. g4 h6 18. h4 e6 19. f3 Nd5 20. Nd3 Ra8 21. e4 b6
22. Raa1 Ne7 23. b4 Red8 24. Ke3 Nc6 25. e5 Ne7 26. Nf4 Nd5+ 27. Nxd5 Rxd5 28.
g5 h5 29. Rhd1 Bf8 30. f4 a5 31. bxa5 bxa5 32. Ra2 c6 33. b4 c5 34. bxc5 Bxc5
35. Rxa5 Bxd4+ 36. Rxd4 Rdxa5 37. Bxa5 Rxa5 38. Rd8+ Kg7 39. Rd3 Ra1 40. Kf2 Rh1
41. Kg3 Rg1+ 42. Kf2 Rg4 43. Kf3 Rxh4 44. Kg3 Rg4+ 45. Kf3 Rg1 46. Kf2 Rh1 47.
Kg2 Rh4 48. Kg3 Rg4+ 49. Kf3 {Game drawn by mutual agreement} 1/2-1/2

[Event "Team 45 45 League T46"]
[Site "Internet Chess Club"]
[Date "2010.08.13"]
[Round "2"]
[White "milesotoole"]
[Black "stputte"]
[Result "1-0"]
[WhiteElo "1462"]
[BlackElo "1430"]
[Opening "Alekhine's defense: modern, fianchetto variation"]
[ECO "B04"]
[Time "09:05:09"]
[TimeControl "2700+45"]

1. e4 Nf6 2. e5 Nd5 3. d4 d6 4. Nf3 g6 5. Bc4 Nb6 6. Bb3 Bg7 7. Ng5 e6 8. Qf3
Qe7 9. Ne4 dxe5 10. Bg5 Qb4+ 11. c3 Qa5 12. Bf6 Bxf6 13. Nxf6+ Kf8 14. O-O exd4
15. cxd4 Qf5 16. Nd2 Nc6 17. Nfe4 Nxd4 18. Qe3 Nxb3 19. Qxb3 Bd7 20. Qc3 Ke7 21.
Qxc7 Qd5 22. Rfd1 Rac8 23. Qf4 Qf5 24. Qh4+ f6 25. Rac1 h5 26. Qg3 Rxc1 27. Qd6+
Kf7 28. Rxc1 Qd5 29. Qf4 Ke7 30. Qxf6+ {Black resigns} 1-0

[Event "Team 45 45 League T46"]
[Site "Internet Chess Club"]
[Date "2010.08.15"]
[Round "2"]
[White "SugarIslander"]
[Black "rayonline53"]
[Result "0-1"]
[WhiteElo "1702"]
[BlackElo "1586"]
[Opening "Benkö gambit: fianchetto variation"]
[ECO "A58"]
[Time "14:00:25"]
[TimeControl "2700+45"]

1. d4 c5 2. d5 d6 3. c4 b5 4. cxb5 a6 5. bxa6 Bxa6 6. Nc3 Nf6 7. Nf3 g6 8. g3
Bg7 9. Rb1 O-O 10. Bg2 Nbd7 11. O-O Nb6 12. Re1 Qc7 13. e4 Nfd7 14. Qc2 c4 15.
Be3 Nc5 16. Bxc5 Qxc5 17. Red1 Bb7 18. a3 Rfc8 19. Rd2 Rc7 20. h4 Bc8 21. Re1
Bg4 22. Nh2 Bd7 23. Nf1 Na4 24. Ra1 Nxc3 25. bxc3 Ba4 26. Qc1 Bh6 27. Ne3 Bxe3
28. fxe3 Qxe3+ 29. Rf2 Qxg3 30. Qf4 Qxf4 31. Rxf4 Be8 32. Bf1 Ra4 33. Rf2 Rb7
34. Rc2 Kg7 35. Kf2 Rb3 36. Ke3 Raxa3 37. Rxa3 Rxa3 38. Bxc4 Ba4 39. Rc1 f6 40.
Kd4 Bd7 41. Be2 Ra2 42. Ke3 Kf7 43. Rb1 Ba4 44. Rb7 Bc2 45. c4 Bxe4 46. h5 Bf5
47. hxg6+ hxg6 48. Bf1 Ra1 49. Be2 Rc1 50. Kd4 Re1 51. Bf3 Rc1 52. Rc7 Rf1 53.
Be2 Re1 54. Bf3 g5 55. c5 dxc5+ 56. Rxc5 g4 57. Bg2 Kg6 58. Rc7 Rg1 59. Be4 Bxe4
60. Kxe4 Kg5 61. Ke3 Re1+ 62. Kf2 Re5 63. Rd7 f5 64. d6 exd6 65. Rxd6 Kf4 66.
Rd4+ Re4 67. Rd8 Ra4 68. Rb8 Ra2+ 69. Kg1 Kg3 70. Rb3+ Kh4 71. Rb5 f4 72. Rb8
Kg3 73. Rb3+ f3 74. Rb1 Rg2+ 75. Kh1 Rh2+ 76. Kg1 f2+ {White resigns} 0-1

[Event "Team 45 45 League T46"]
[Site "Internet Chess Club"]
[Date "2010.08.12"]
[Round "2"]
[White "nursey"]
[Black "oldsj"]
[Result "1-0"]
[WhiteElo "1621"]
[BlackElo "1643"]
[Opening "Sicilian: closed, 6.f4"]
[ECO "B25"]
[Time "14:05:58"]
[TimeControl "2700+45"]

1. e4 c5 2. Nc3 Nc6 3. g3 g6 4. Bg2 Bg7 5. d3 d6 6. f4 e6 7. Nf3 Nge7 8. O-O Rb8
9. Be3 Nd4 10. e5 Nef5 11. Bxd4 cxd4 12. Ne4 Ne3 13. Nxd6+ Kf8 14. Qe2 Nxf1 15.
Rxf1 h6 16. Nxd4 Qb6 17. c3 Kg8 18. Ne8 Bf8 19. Nf6+ Kg7 20. Ne4 Bd7 21. b3 Rc8
22. Kh1 Be7 23. a4 Rhd8 24. Re1 f5 25. exf6+ Bxf6 26. Nxf6 Kxf6 27. Qe5+ Kf7 28.
a5 Qc7 29. Nxe6 Qxe5 30. Nxd8+ Rxd8 31. fxe5 Be6 32. d4 Bxb3 33. Rb1 Bc4 34.
Rxb7+ Ke6 35. Rxa7 Rb8 36. Be4 Rb1+ 37. Bxb1 {Black resigns} 1-0

[Event "Team 45 45 League T46"]
[Site "Internet Chess Club"]
[Date "2010.08.15"]
[Round "2"]
[White "Mark-SF"]
[Black "oldprez"]
[Result "1-0"]
[WhiteElo "1745"]
[BlackElo "1358"]
[Opening "Caro-Kann defense"]
[ECO "B10"]
[Time "14:00:26"]
[TimeControl "2700+45"]

1. e4 c6 2. Nf3 d5 3. exd5 cxd5 4. d4 Nf6 5. Nc3 g6 6. Bb5+ Bd7 7. Bxd7+ Nbxd7
8. O-O Bg7 9. Qe2 O-O 10. h3 Re8 11. Bf4 Qb6 12. Nb5 Rac8 13. Rab1 Ne4 14. Rfd1
a6 15. Na3 Qf6 16. Qe3 Nb6 17. c3 Nc4 18. Nxc4 Rxc4 19. Ne5 Rcc8 20. Ng4 Qc6 21.
Bh6 Bh8 22. Ne5 Qe6 23. Ng4 f5 24. Nh2 Qf6 25. Nf3 Qc6 26. Ne5 Qe6 27. Nd3 Qb6
28. f3 Nd6 29. Qe6+ {Black resigns} 1-0

[Event "Team 45 45 League T46"]
[Site "Internet Chess Club"]
[Date "2010.08.15"]
[Round "2"]
[White "radiohead"]
[Black "rom1"]
[Result "0-1"]
[WhiteElo "1302"]
[BlackElo "1507"]
[Opening "Grünfeld: Spassky variation, main line, 10...cd, 11.cd"]
[ECO "D88"]
[Time "15:00:36"]
[TimeControl "2700+45"]

1. d4 Nf6 2. c4 g6 3. Nc3 d5 4. cxd5 Nxd5 5. e4 Nxc3 6. bxc3 Bg7 7. Bc4 c5 8.
Ne2 O-O 9. O-O cxd4 10. cxd4 Nc6 11. Be3 b6 12. Rc1 Bb7 13. Qd2 e6 14. f3 Qe7
15. Bh6 Rfd8 16. Bxg7 Kxg7 17. Qc3 Kg8 18. Rfd1 Rac8 19. Qb2 Rc7 20. Nf4 Qf6 21.
Ne2 Na5 22. Bd3 Nc6 23. Bb5 Nxd4 24. Rxc7 Nxf3+ 25. gxf3 Rxd1+ 26. Kf2 Qxb2
{White resigns} 0-1

[Event "Team 45 45 League T46"]
[Site "Internet Chess Club"]
[Date "2010.08.14"]
[Round "2"]
[White "Stryker672"]
[Black "Geeloo"]
[Result "0-1"]
[WhiteElo "1945"]
[BlackElo "2125"]
[Opening "Bishop's opening: Ponziani gambit"]
[ECO "C24"]
[Time "15:00:36"]
[TimeControl "2700+45"]

1. e4 e5 2. Bc4 Nf6 3. d4 Nxe4 4. dxe5 c6 5. Nf3 d5 6. exd6 Bxd6 7. O-O O-O 8.
Be3 Bg4 9. h3 Bh5 10. Nbd2 Nxd2 11. Bxd2 Qc7 12. Re1 Nd7 13. g4 Bg6 14. Bc3 Bc5
15. Ne5 Rad8 16. Qf3 Nxe5 17. Bxe5 Qb6 18. Re2 Bd4 19. Qb3 Qc5 20. Rae1 b5 21.
Bxd4 Rxd4 22. Bd3 Bxd3 23. cxd3 h5 24. Re5 Qd6 25. Rxh5 Rxd3 26. Qc2 g6 27. Rhe5
Rxh3 28. Qc5 Qd7 29. Qb4 Rd3 30. Re7 Qd4 31. Qxd4 Rxd4 32. Rxa7 Rxg4+ 33. Kf1
Rd8 34. Rc1 Rd2 35. Ra3 Rf4 36. f3 Rxb2 37. Rxc6 b4 38. Re3 Rxa2 39. Rb6 Ra3 40.
Rxb4 Ra1+ {White resigns} 0-1

[Event "Team 45 45 League T46"]
[Site "Internet Chess Club"]
[Date "2010.08.12"]
[Round "2"]
[White "spunni"]
[Black "screamingeagle"]
[Result "1-0"]
[WhiteElo "1878"]
[BlackElo "2006"]
[Opening "French: King's Indian attack"]
[ECO "C00"]
[Time "14:00:25"]
[TimeControl "2700+45"]

1. e4 e6 2. d3 d5 3. Nd2 Nf6 4. Ngf3 Nc6 5. c3 Be7 6. Be2 e5 7. O-O Be6 8. b4 a6
9. Bb2 Bd6 10. a3 b5 11. exd5 Nxd5 12. c4 Nf4 13. c5 Bf8 14. Nxe5 Nxe5 15. Bxe5
Ng6 16. Bb2 Be7 17. Bxg7 Rg8 18. Bb2 Nf4 19. g3 Nxd3 20. Bxd3 Qxd3 21. Qf3 Rd8
22. Rad1 Qc2 23. Qc3 Qg6 24. Nf3 Bd5 25. Rfe1 Be6 26. Nd4 Qg4 27. Qe3 Rg6 28.
Qe4 Qh3 29. Qc6+ Bd7 30. Qxc7 Kf8 31. Rxe7 Kxe7 32. Re1+ Re6 33. Nxe6 fxe6 34.
Bf6+ Kxf6 35. Qxd8+ {Black resigns} 1-0

[Event "Team 45 45 League T46"]
[Site "Internet Chess Club"]
[Date "2010.08.15"]
[Round "2"]
[White "CapitanTrueno"]
[Black "zachi"]
[Result "1/2-1/2"]
[WhiteElo "1801"]
[BlackElo "1954"]
[Opening "Caro-Kann: classical variation"]
[ECO "B18"]
[Time "09:01:29"]
[TimeControl "2700+45"]

1. e4 c6 2. d4 d5 3. Nd2 dxe4 4. Nxe4 Bf5 5. Ng3 Bg6 6. Nf3 Nd7 7. Nh4 e6 8.
Nxg6 hxg6 9. Be3 Qa5+ 10. c3 Ngf6 11. Qb3 O-O-O 12. O-O-O Bd6 13. h3 Qc7 14. Ne2
Ne4 15. f3 Ng3 16. Nxg3 Bxg3 17. Kb1 Kb8 18. Bd3 Nf6 19. Bg5 Rh5 20. Bxf6 gxf6
21. Bc4 Qf4 22. Qc2 c5 23. dxc5 Rxd1+ 24. Qxd1 Rxc5 25. Bb3 Kc7 26. Qd3 Rc6 27.
Rd1 Rd6 28. Qxd6+ Qxd6 29. Rxd6 Kxd6 30. Kc2 f5 31. Ba4 e5 32. Kd3 a6 33. Bb3
{Game drawn by mutual agreement} 1/2-1/2

[Event "Team 45 45 League T46"]
[Site "Internet Chess Club"]
[Date "2010.08.14"]
[Round "2"]
[White "Ptzz"]
[Black "bobhill"]
[Result "1-0"]
[WhiteElo "2113"]
[BlackElo "1951"]
[Opening "QGD: Charousek (Petrosian) variation"]
[ECO "D31"]
[Time "12:00:35"]
[TimeControl "2700+45"]

1. d4 d5 2. c4 e6 3. Nc3 Be7 4. cxd5 exd5 5. Bf4 Nf6 6. e3 O-O 7. Bd3 c6 8. Qc2
Na6 9. a3 Nc7 10. h3 Ne6 11. Be5 h6 12. Nf3 c5 13. O-O c4 14. Be2 a6 15. e4 dxe4
16. Nxe4 b5 17. Nxf6+ Bxf6 18. Rfd1 Bb7 19. Qf5 Bxe5 20. dxe5 Qe7 21. Rd6 Rad8
22. Rad1 Nc5 23. Qf4 Rxd6 24. Rxd6 Rd8 25. Qd2 Rxd6 26. exd6 Qd8 27. Qd4 Ne4 28.
d7 Nf6 29. Ne5 Bd5 30. Bf3 Bxf3 31. gxf3 Kh7 32. Qd6 a5 33. Kf1 b4 34. axb4 axb4
35. Qxb4 Nxd7 36. Qd6 Qg5 37. Nxd7 Qc1+ 38. Kg2 Qxb2 39. Nf8+ Kg8 40. Qd8 c3 41.
Ng6+ Kh7 42. Ne7 h5 43. h4 Qc2 44. Qg8+ Kh6 45. Qxf7 Qd3 46. Nf5+ {Black
resigns} 1-0

[Event "Team 45 45 League T46"]
[Site "Internet Chess Club"]
[Date "2010.08.14"]
[Round "2"]
[White "bgolev"]
[Black "Jack-ONeill"]
[Result "1/2-1/2"]
[WhiteElo "1851"]
[BlackElo "2029"]
[Opening "Budapest: Rubinstein variation"]
[ECO "A52"]
[Time "12:01:22"]
[TimeControl "2700+45"]

1. d4 Nf6 2. c4 e5 3. dxe5 Ng4 4. Bf4 Nc6 5. Nf3 Bb4+ 6. Nbd2 Qe7 7. e3 Ngxe5 8.
Nxe5 Nxe5 9. Be2 d6 10. O-O a5 11. Nb3 a4 12. a3 Bc3 13. bxc3 axb3 14. Qxb3 O-O
15. Qc2 Nd7 16. e4 Nc5 17. f3 f5 18. Bd3 fxe4 19. fxe4 Bd7 20. e5 Nxd3 21. Qxd3
dxe5 22. Qd5+ Kh8 23. Bxe5 Bc6 24. Qd4 Qg5 25. Bg3 Rad8 26. Rad1 Rde8 27. Rxf8+
Rxf8 28. Qe5 Qg4 29. Rf1 Rg8 30. h3 Qxc4 31. Qxc7 Qc5+ 32. Kh2 h6 33. Be5 Qc4
34. Rf2 Kh7 35. Bd4 Qd5 36. Qf4 Re8 37. Qg3 Re7 38. Qd3+ Kg8 39. Qg6 Be8 40. Qf5
Qd6+ 41. Qf4 Qxf4+ 42. Rxf4 Bc6 43. Rf2 Re6 44. g4 Re1 45. Kg3 Rg1+ 46. Kh2 Rh1+
47. Kg3 Rg1+ 48. Kh2 Rh1+ 49. Kg3 Rg1+ {Game drawn by repetition} 1/2-1/2

[Event "Team 45 45 League T46"]
[Site "Internet Chess Club"]
[Date "2010.08.15"]
[Round "2"]
[White "Guoruey"]
[Black "Beetlejuice"]
[Result "1-0"]
[WhiteElo "1918"]
[BlackElo "1779"]
[Opening "Sicilian: Smith-Morra gambit"]
[ECO "B21"]
[Time "15:17:40"]
[TimeControl "2700+45"]

1. e4 c5 2. d4 cxd4 3. c3 dxc3 4. Nxc3 Nc6 5. Nf3 e6 6. Bc4 a6 7. O-O Nf6 8. Qe2
Qc7 9. Bg5 Ng4 10. Nd5 Qb8 11. g3 b5 12. Bb3 Bc5 13. Rac1 Ba7 14. Bf4 e5 15. Bg5
h6 16. Bd2 Bb7 17. h3 Nf6 18. Nxf6+ gxf6 19. Rfd1 Qd8 20. Bd5 Rb8 21. Be3 Bxe3
22. Qxe3 Ba8 23. Bxc6 Bxc6 24. Rxc6 Qa5 25. Rxf6 Qxa2 26. Qc3 O-O 27. Qxe5 Rfe8
28. Qd5 Qxb2 29. Qxf7+ {Black resigns} 1-0

[Event "Team 45 45 League T46"]
[Site "Internet Chess Club"]
[Date "2010.08.17"]
[Round "2"]
[White "room-matt"]
[Black "pishd"]
[Result "0-1"]
[WhiteElo "1673"]
[BlackElo "1735"]
[Opening "Caro-Kann: Goldman (Spielmann) variation"]
[ECO "B11"]
[Time "15:07:23"]
[TimeControl "2700+45"]

1. e4 c6 2. Nc3 d5 3. Qf3 Nf6 4. e5 Nfd7 5. d4 e6 6. Nge2 a6 7. Be3 c5 8. Rd1
cxd4 9. Bxd4 Nc6 10. Qg3 Qc7 11. f4 g6 12. Qe3 Nxd4 13. Nxd4 Bb4 14. Ne2 Bc5 15.
Nd4 O-O 16. Be2 Qb6 17. b3 Bb4 18. O-O Qc7 19. Rf3 b6 20. h4 Bb7 21. Nb1 Bc5 22.
c3 b5 23. a3 Rae8 24. g4 f6 25. exf6 Nxf6 26. Rh3 e5 27. fxe5 Rxe5 28. Qd3 Bc8
29. Rf1 Qe7 30. Rh2 Nxg4 31. Rxf8+ Kxf8 32. Bxg4 Bxg4 33. Rf2+ Bf5 34. b4 Ba7
35. Nd2 Kg8 36. Qg3 Re1+ 37. Kg2 Be4+ 38. Nxe4 Qxe4+ 39. Rf3 Bxd4 40. Qb8+ Qe8
41. Qxe8+ Rxe8 42. cxd4 Re4 43. Kg3 Rxd4 44. Rc3 Rc4 45. Rd3 d4 46. Kf4 Rc3 47.
Ke4 Rxd3 48. Kxd3 Kf7 49. Kxd4 Ke6 50. Kc5 h6 51. Kb6 g5 52. hxg5 h5 53. g6 h4
54. g7 Kf7 {White resigns} 0-1

[Event "Team 45 45 League T46"]
[Site "Internet Chess Club"]
[Date "2010.08.13"]
[Round "2"]
[White "TerryMalloy"]
[Black "mickeys"]
[Result "1/2-1/2"]
[WhiteElo "2017"]
[BlackElo "1933"]
[Opening "QGD: Orthodox defense, Bd3 line"]
[ECO "D66"]
[Time "19:00:40"]
[TimeControl "2700+45"]

1. d4 e6 2. c4 d5 3. Nc3 Be7 4. Nf3 Nf6 5. Bg5 O-O 6. e3 Nbd7 7. Rc1 c6 8. Bd3
dxc4 9. Bxc4 h6 10. Bh4 Nb6 11. Bd3 Nbd5 12. O-O Qa5 13. Ne5 Qb6 14. Qe2 Rd8 15.
a3 Bd7 16. f4 Nxc3 17. Rxc3 a5 18. Bb1 Nd5 19. Bxe7 Nxe7 20. Qc2 g6 21. Qf2 Kg7
22. Bd3 Be8 23. Rcc1 f6 24. Nc4 Qc7 25. Qg3 Bf7 26. Nd2 Nf5 27. Qf3 h5 28. Ne4
Qe7 29. Nc5 b6 30. Na4 Rab8 31. Rfd1 Be8 32. Nc3 c5 33. dxc5 Qxc5 34. Bxf5 Rxd1+
35. Rxd1 exf5 36. Rd3 Bc6 37. Qd1 Re8 38. Qd2 Re7 39. Ne2 Kf7 40. Nd4 Bb7 41.
Rc3 Qd5 42. Nf3 {Game drawn by mutual agreement} 1/2-1/2

[Event "Team 45 45 League T46"]
[Site "Internet Chess Club"]
[Date "2010.08.12"]
[Round "2"]
[White "cknights"]
[Black "RandyPCC"]
[Result "1-0"]
[WhiteElo "1795"]
[BlackElo "1788"]
[Opening "QGD semi-Slav: 5.e3"]
[ECO "D45"]
[Time "19:00:45"]
[TimeControl "2700+45"]

1. d4 d5 2. c4 c6 3. Nf3 Nf6 4. Nc3 e6 5. e3 Be7 6. Bd3 dxc4 7. Bxc4 b5 8. Bd3
a6 9. O-O Bb7 10. e4 O-O 11. Bc2 Re8 12. Qd3 g6 13. Ng5 Nbd7 14. h4 e5 15. d5
Nc5 16. Qd2 cxd5 17. exd5 Nxd5 18. Rd1 Bxg5 19. hxg5 Nxc3 20. Qxc3 Qe7 21. b3
Rac8 22. Qe3 Ne6 23. Bd3 Nf4 24. g3 Nd5 25. Qd2 Qe6 26. Bb2 Nf4 27. Bf1 Red8 28.
Qe3 Qc6 29. f3 Qc2 30. Qxe5 Kf8 31. Qg7+ Ke8 32. Qh8+ Ke7 33. Ba3+ Rc5 34. Qf6+
Kf8 35. Rxd8# {Black checkmated} 1-0

[Event "Team 45 45 League T46"]
[Site "Internet Chess Club"]
[Date "2010.08.15"]
[Round "2"]
[White "Nakke"]
[Black "pishd"]
[Result "1/2-1/2"]
[WhiteElo "1825"]
[BlackElo "1721"]
[Opening "Mieses opening"]
[ECO "A00"]
[Time "16:01:58"]
[TimeControl "2700+45"]

1. d3 f5 2. e4 d6 3. Nc3 e5 4. exf5 Bxf5 5. g4 Be6 6. Bg2 c6 7. h3 Nf6 8. Nge2
Nbd7 9. Ng3 Be7 10. f4 Qa5 11. f5 Bd5 12. O-O Bxg2 13. Kxg2 Nd5 14. Nxd5 Qxd5+
15. Qf3 Qxf3+ 16. Kxf3 O-O-O 17. a4 Rhf8 18. g5 Rde8 19. Kg4 Rh8 20. a5 h6 21.
h4 hxg5 22. Bxg5 Nf6+ 23. Bxf6 gxf6 24. h5 Reg8+ 25. Kf3 d5 26. a6 b6 27. Rg1
Rg5 28. Rg2 Rhg8 29. Rh1 e4+ 30. dxe4 dxe4+ 31. Kxe4 Rxg3 32. Rxg3 Rxg3 33. h6
Rg4+ 34. Kf3 Rg8 35. c3 b5 36. b4 Rh8 37. Kg4 Rg8+ 38. Kf3 Rh8 39. Kg4 Rg8+ 40.
Kf3 {Game drawn by repetition} 1/2-1/2

[Event "Team 45 45 League T46"]
[Site "Internet Chess Club"]
[Date "2010.08.15"]
[Round "2"]
[White "LazyPeon"]
[Black "Andressa"]
[Result "1-0"]
[WhiteElo "1572"]
[BlackElo "1510"]
[Opening "QGD Slav: Soultanbéieff variation"]
[ECO "D16"]
[Time "10:12:16"]
[TimeControl "2700+45"]

1. d4 d5 2. c4 c6 3. Nc3 Nf6 4. Nf3 dxc4 5. a4 e6 6. e3 Bb4 7. Bxc4 Nd5 8. Qc2
O-O 9. O-O c5 10. dxc5 Bxc5 11. Rd1 Nb4 12. Qe2 Qf6 13. Ne4 Qf5 14. Nxc5 Qxc5
15. Bd2 N8c6 16. Rac1 a5 17. Bxe6 Qb6 18. Bc4 Bf5 19. Bc3 Rac8 20. Ne5 Nxe5 21.
Bxe5 Qg6 22. Rd6 Be6 23. b3 Rc6 24. Rd4 Qf5 25. Bd6 Rfc8 26. Bxb4 axb4 27. Rcd1
Qf6 28. Bxe6 fxe6 29. Rxb4 Qe7 30. Rbd4 e5 31. Rd7 Qb4 32. Rd8+ Kf7 33. Rxc8
Rxc8 34. Qd3 Rc7 35. Qf5+ Ke8 36. Qxe5+ Qe7 37. Qxe7+ Kxe7 38. g3 Rc3 39. b4 Rb3
40. b5 Rb4 41. Rd4 Rb1+ 42. Kg2 b6 43. e4 Rb3 44. f4 g6 45. h4 Rc3 46. e5 Ra3
47. g4 Ra2+ 48. Kf3 Ra3+ 49. Ke4 h6 50. f5 g5 51. hxg5 hxg5 52. f6+ Kf7 53. Kf5
{Black resigns} 1-0

[Event "Team 45 45 League T46"]
[Site "Internet Chess Club"]
[Date "2010.08.18"]
[Round "2"]
[White "LucaTrapani"]
[Black "AntMantis"]
[Result "0-1"]
[WhiteElo "2024"]
[BlackElo "2053"]
[Opening "QGD Slav: 4.e3"]
[ECO "D11"]
[Time "21:30:19"]
[TimeControl "2700+45"]

1. d4 d5 2. c4 c6 3. Nf3 Nf6 4. e3 Bg4 5. Qb3 Qb6 6. Nc3 Bxf3 7. gxf3 e6 8. e4
dxc4 9. Qxc4 Nbd7 10. Be3 Qb4 11. Qd3 Nb6 12. Rb1 O-O-O 13. Be2 Be7 14. O-O e5
15. a3 Qb3 16. d5 Kb8 17. Bd1 Qc4 18. Qxc4 Nxc4 19. dxc6 bxc6 20. Bb3 Nxe3 21.
fxe3 Bc5 22. Nd1 Rd2 23. Rc1 Bb6 24. Rxc6 Rhd8 25. Rc3 Nh5 26. Bxf7 Nf4 27. Rb3
Rxd1 28. Rxb6+ axb6 29. exf4 exf4 30. Bd5 Rxf1+ 31. Kxf1 Kc7 32. Ke2 Kd6 33. a4
Rc8 34. Kd2 g5 35. b3 Ke5 36. b4 g4 37. fxg4 f3 38. a5 bxa5 39. bxa5 f2 40. Ke2
Rc2+ 41. Kf1 Kd4 42. Bb7 Ke3 43. Kg2 Rc1 44. Ba6 Rg1+ 45. Kh3 Kxe4 46. g5 Kf4
47. g6 hxg6 {White resigns} 0-1

[Event "Team 45 45 League T46"]
[Site "Internet Chess Club"]
[Date "2010.08.16"]
[Round "2"]
[White "KoalieAwe"]
[Black "Harmonicus"]
[Result "0-1"]
[WhiteElo "1530"]
[BlackElo "1891"]
[Opening "Nimzo-Indian defense"]
[ECO "E20"]
[Time "10:00:12"]
[TimeControl "2700+45"]

1. d4 Nf6 2. c4 e6 3. Nc3 Bb4 4. Bd2 O-O 5. a3 Bxc3 6. Bxc3 Ne4 7. Nf3 b6 8. e3
Bb7 9. Bd3 d6 10. O-O Nd7 11. Be2 f5 12. Rc1 a5 13. b3 Ndf6 14. Nd2 Qe8 15. Nxe4
Bxe4 16. Bf3 Qg6 17. Bxe4 fxe4 18. h3 h6 19. d5 e5 20. Kh1 Rf7 21. Rc2 Raf8 22.
f3 Nh5 23. Be1 exf3 24. gxf3 Ng3+ 25. Bxg3 Qxg3 26. Rg2 Qxh3+ 27. Rh2 Qg4 28.
Rg2 Rxf3 29. Rfg1 Rh3+ 30. Rh2 Rxh2+ 31. Kxh2 Rf2+ 32. Kh1 Qh3# {White
checkmated} 0-1

[Event "Team 45 45 League T46"]
[Site "Internet Chess Club"]
[Date "2010.08.13"]
[Round "2"]
[White "dagger132"]
[Black "JWB"]
[Result "0-1"]
[WhiteElo "1220"]
[BlackElo "1696"]
[Opening "Grünfeld: Stockholm variation"]
[ECO "D80"]
[Time "13:59:14"]
[TimeControl "2700+45"]

1. d4 Nf6 2. c4 g6 3. Nc3 d5 4. Bg5 Ne4 5. Nxe4 dxe4 6. e3 Bg7 7. Qc2 c5 8. Qxe4
cxd4 9. exd4 Nc6 10. Nf3 O-O 11. Rd1 Bf5 12. Qh4 Qa5+ 13. Rd2 e5 14. Bh6 Nxd4
15. Ng5 Rfd8 16. Bd3 Bxd3 17. Bxg7 Nc2+ 18. Kd1 Be2+ 19. Kxe2 Qxd2+ 20. Kf3 Qd3+
21. Kg4 f5# {White checkmated} 0-1

[Event "Team 45 45 League T46"]
[Site "Internet Chess Club"]
[Date "2010.08.16"]
[Round "2"]
[White "chesskix"]
[Black "ticopatzer"]
[Result "1-0"]
[WhiteElo "1461"]
[BlackElo "1567"]
[Opening "Réti opening"]
[ECO "A30"]
[Time "20:35:27"]
[TimeControl "2700+45"]

1. Nf3 c5 2. c4 Nc6 3. Nc3 g6 4. d3 Bg7 5. Bd2 Nf6 6. Rb1 O-O 7. g3 d5 8. b3 d4
9. Nb5 a6 10. Na3 Bg4 11. Bg2 Qd7 12. h3 Bxf3 13. Bxf3 e5 14. Bg2 Rfe8 15. O-O
e4 16. Nc2 Re7 17. a3 Rae8 18. Bg5 exd3 19. exd3 Ne5 20. Re1 Qf5 21. Bf4 Nxd3
22. Rxe7 Rxe7 23. Qf3 Nxf4 24. Qxf4 Qxc2 25. Rf1 Qxb3 26. Qb8+ Bf8 27. Qf4 Qxc4
28. Qxf6 d3 29. Qd6 Re1 30. Qd7 Rxf1+ 31. Bxf1 Qb3 32. Bxd3 Qxa3 33. Bc4 Qc1+
34. Bf1 b5 35. Kg2 c4 36. Qb7 Qa1 37. Be2 c3 38. Bf3 c2 39. Bd5 Qf6 40. Qc7 Qf5
41. Bb3 Bc5 42. Bxf7+ Qxf7 43. Qxc5 Qf5 44. Qc6 b4 45. Qa8+ Kg7 46. Qa7+ Qf7 47.
Qd4+ Qf6 48. Qd7+ Qf7 49. Qd4+ Qf6 50. Qd7+ Qf7 51. Qd4+ Kh6 52. Qd2+ g5 53.
Qxc2 b3 54. Qc6+ Qg6 55. Qb7 Qe6 56. Qa8 b2 57. Qf8+ Kg6 58. Qb4 Qa2 59. Qe4+
Kf6 60. Qd4+ Ke6 61. Qg4+ Kd5 62. Qxg5+ Kc4 63. Qg8+ Kc3 64. Qxa2 Kc2 65. Qc4+
Kb1 66. Kf1 Ka1 67. Qa4+ Kb1 68. Ke2 Kc1 69. Qc4+ Kb1 70. Kd2 Ka1 71. Qa4+ Kb1
72. Kc3 Kc1 73. Qc2# {Black checkmated} 1-0

[Event "Team 45 45 League T46"]
[Site "Internet Chess Club"]
[Date "2010.08.16"]
[Round "2"]
[White "lookatall65sqas"]
[Black "stan-beers"]
[Result "0-1"]
[WhiteElo "1346"]
[BlackElo "1521"]
[Opening "Old Indian: main line"]
[ECO "A55"]
[Time "13:00:43"]
[TimeControl "2700+45"]

1. d4 Nf6 2. c4 d6 3. Nc3 Nbd7 4. Nf3 e5 5. e4 a6 6. Be2 Be7 7. O-O c6 8. a4 h6
9. d5 g5 10. h3 Nc5 11. Nd2 Qc7 12. b4 Ncd7 13. Nb3 Nf8 14. Be3 Ng6 15. a5 O-O
16. Na4 Nf4 17. Bxf4 exf4 18. Nb6 Rb8 19. f3 Nd7 20. Nxd7 Bxd7 21. Nd4 Qc8 22.
Kh2 Bf6 23. Rc1 Qe8 24. Qd3 Be5 25. Bd1 c5 26. bxc5 dxc5 27. Nb3 Qe7 28. Bc2
Rbc8 29. Rfd1 Qd6 30. Rd2 f5 31. Kg1 fxe4 32. fxe4 f3 33. gxf3 Bxh3 34. f4 Bd4+
35. Nxd4 cxd4 36. Qxh3 Qxf4 37. Qh2 Qe3+ 38. Kh1 Rf3 39. Qe2 Qf4 40. Qh2 Qe3 41.
Qe2 Rh3+ 42. Kg2 Qg3+ {White resigns} 0-1

[Event "Team 45 45 League T46"]
[Site "Internet Chess Club"]
[Date "2010.08.14"]
[Round "2"]
[White "OGO"]
[Black "IanT"]
[Result "1-0"]
[WhiteElo "1565"]
[BlackElo "1373"]
[Opening "Ruy Lopez: classical (Cordel) defense"]
[ECO "C64"]
[Time "08:30:10"]
[TimeControl "2700+45"]

1. e4 e5 2. Nf3 Nc6 3. Bb5 Bc5 4. O-O d6 5. c3 Nf6 6. Re1 O-O 7. d4 exd4 8. cxd4
Bb6 9. h3 a6 10. Ba4 Bd7 11. Bg5 Be8 12. Nc3 Ba5 13. Bc2 h6 14. Bh4 Qe7 15. e5
dxe5 16. dxe5 Rd8 17. exf6 Qxf6 18. Bxf6 Rxd1 19. Raxd1 gxf6 20. Re3 Kh8 21. Nd5
Bd7 22. Nxf6 Be6 23. a3 Bb6 24. Ree1 Ne7 25. Nd7 Rg8 26. Nh4 Nd5 27. Nxb6 cxb6
28. Re5 Nf4 29. Kh2 {Black resigns} 1-0